 Dungeon Crawl Stone Soup version 0.31-a0-971-g75a2e9a4b4 (webtiles) character file.

Game seed: 9326774953740624368

689 Dirtsage the Ruffian (level 7, 0/46 HPs)
             Began as an Octopode Shapeshifter on Oct 28, 2023.
             Slain by an ice beast (10 damage)
             ... on level 5 of the Dungeon.
             The game lasted 00:08:31 (3830 turns).

Dirtsage the Ruffian (Octopode Shapeshifter)        Turns: 3830, Time: 00:08:32

Health: 0/46       AC:  1    Str: 14    XL:     7   Next: 63%
Magic:  7/7        EV: 18    Int: 12    God:
Gold:   201        SH:  0    Dex: 13    Spells: 6/6 levels left

rFire   + .          .
                       - Unarmed
rCold   . . .        (no shield)
rNeg    + . .        (helmet currently unavailable)
rPois   .            (no amulet)
rElec   .            N - ring of positive energy
rCorr   .            F - ring of protection from fire
SInv    .            u - +5 ring of evasion
Will    .....        w - ring of flight
Stlth   ++           (no ring)
HPRegen 0.27/turn    (no ring)
MPRegen 0.10/turn    (no ring)
                     (no ring)

%: no passive effects
@: beast-form, flying
A: beast (slay +3), almost no armour, amphibious, 8 rings, camouflage 1,
gelatinous body 1, (nimble swimmer 1), tentacles
a: Begin Untransformation


You were on level 5 of the Dungeon.
You were a hulking beast.
You visited 1 branch of the dungeon, and saw 5 of its levels.

You collected 201 gold pieces.

Inventory:

Magical Staves
 m - a staff of death
Jewellery
 s - a ring of fire
 u - a +5 ring of evasion (on tentacle)
 w - a ring of flight (on tentacle)
 F - a ring of protection from fire (right tentacle)
 N - a ring of positive energy (left tentacle)
Talismans
 b - a beast talisman
 c - a flux talisman
Wands
 D - a wand of digging (5)
Scrolls
 e - 2 scrolls of vulnerability {unknown}
 g - a scroll of brand weapon
 i - 3 scrolls of identify
 k - a scroll of amnesia {unknown}
 n - a scroll of poison {unknown}
 o - a scroll of fog
 p - a scroll of silence {unknown}
 r - a scroll of enchant weapon {unknown}
 t - a scroll of blinking {unknown}
 v - a scroll of immolation {unknown}
Potions
 a - a potion of lignification
 d - a potion of might
 f - 3 potions of resistance {unknown}
 h - a potion of haste
 j - a potion of mutation
 l - a potion of cancellation {unknown}
 q - 2 potions of curing


   Skills:
 + Level 3.5 Fighting
 - Level 2.0 Dodging
 * Level 5.9 Unarmed Combat
 * Level 5.5 Shapeshifting


You had 6 spell levels left.
You didn't know any spells.
Your spell library contained the following spells:

 Spells                   Type           Power      Damage    Failure   Level
 Slow                     Hex            0%         N/A       32%         1
 Confusing Touch          Hex            0%         N/A       69%         3
 Sigil of Binding         Hex            0%         N/A       69%         3
 Vampiric Draining        Necr           0%         2d6       69%         3


Dungeon Overview and Level Annotations

Branches:
Dungeon (5/15)
 Temple: D:4-7

Altars:
Elyvilon
Okawaru
Xom

Shops:
D:5 (


Innate Abilities, Weirdness & Mutations

You are a hulking beast.
Your limbs bulge with bestial killing power. (Slay +3)
You cannot wear most types of armour.
You are amphibious.
You can wear up to eight rings at the same time.
Your skin changes colour to match your surroundings (Stealth+).
Your rubbery body absorbs attacks. (AC +1, EV +1)
((You are camouflaged when in or above water. (Stealth+)))
You have tentacles for arms and can constrict up to eight enemies at once.


Message History

No target in view!
No target in view!
No target in view!
No target in view!
An orc wizard is nearby!
No target in view!
No target in view!
An ice beast comes into view.
You closely miss the ice beast. You squeeze the ice beast.
The ice beast is lightly wounded.
The ice beast hits you. The ice beast freezes you!
You take 9 damage, and have 37/46 hp.
You tentacle-slap the ice beast. You squeeze the ice beast.
The ice beast is moderately wounded.
The ice beast hits you. The ice beast freezes you!
You take 11 damage, and have 26/46 hp.
MASSIVE DAMAGE!!
You tentacle-slap the ice beast.
The ice beast is heavily wounded.
The ice beast hits you. The ice beast freezes you!
* * * LOW HITPOINT WARNING * * *
You take 13 damage, and have 13/46 hp.
MASSIVE DAMAGE!!
You closely miss the ice beast. Your squeeze misses the ice beast.
The ice beast is heavily wounded.
The ice beast completely misses you.
You closely miss the ice beast. You tentacle-slap the ice beast.
Your squeeze misses the ice beast.
The ice beast is heavily wounded.
You tentacle-slap the ice beast but do no damage.
The ice beast is heavily wounded.
The ice beast misses you.
You barely miss the ice beast. Your squeeze misses the ice beast.
The ice beast is heavily wounded.
The ice beast completely misses you.
You tentacle-slap the ice beast but do no damage.
Your squeeze misses the ice beast.
The ice beast is heavily wounded.
The ice beast hits you.
* * * LOW HITPOINT WARNING * * *
The ice beast freezes you!
You die...

......#)#####...#
###.## #####...#
#...### #....(
#####
#.....###.....
##.#.#.........
#####....#..##.....
........#..##.....
#..#...##..##.....
#Y.##.###.........
#h.##.####..##.##.
#...........#)..#.
##.####.##........
#.# #......._...
#.# ##..........
#.# ##...#.).#. #.#
###.##.##. #.#
#...(... #.
###...##


You could see an ice beast.

Vanquished Creatures
  Sigmund (D:3)
  An ogre (D:4)
  A scorpion (D:5)
  2 hounds
  An orc priest (D:5)
  A sleepcap (D:4)
  An iguana (D:4)
  An orc wizard (D:5)
  7 adders
  2 ufetubi (D:5)
  7 worms
  3 dart slugs
  19 orcs
  8 bats
  2 endoplasms (D:4)
  4 giant cockroaches
  10 hobgoblins
  7 jackals
  A quokka (D:2)
  5 ball pythons
  2 frilled lizards (D:1)
  9 goblins
  13 kobolds
  8 rats
116 creatures vanquished.

Notes
Turn   | Place    | Note
-------+----------+-------------------------------------------
     0 | D:1      | Dirtsage the Octopode Shapeshifter began the quest for the
                  | Orb.
     0 | D:1      | Reached XP level 1. HP: 13/13 MP: 1/1
   257 | D:1      | Reached XP level 2. HP: 18/18 MP: 2/2
   774 | D:2      | Reached XP level 3. HP: 7/23 MP: 3/3
  1099 | D:2      | Identified the +7 chain mail "Siteotam" {Int+3}
  1356 | D:2      | Reached XP level 4. HP: 29/29 MP: 4/4
  2032 | D:3      | Noticed Sigmund
  2048 | D:3      | Killed Sigmund
  2049 | D:3      | Reached XP level 5. HP: 35/35 MP: 5/5
  2049 | D:3      | Reached XP level 6. HP: 41/41 MP: 6/6
  2548 | D:4      | Found a shimmering altar of Xom.
  2593 | D:4      | Reached skill level 5 in Unarmed Combat
  2821 | D:4      | Reached skill level 5 in Shapeshifting
  3125 | D:4      | Reached XP level 7. HP: 42/46 MP: 7/7
  3258 | D:4      | Found a white marble altar of Elyvilon.
  3447 | D:5      | Entered Level 5 of the Dungeon
  3447 | D:5      | Found Vymeben's Weapon Shop.
  3607 | D:5      | Found an iron altar of Okawaru.
  3830 | D:5      | Slain by an ice beast

Illustrated notes

Levels and vault maps discovered:
D:1:      mrwooster_arrival_statue_2, layout_basic,
          corexii_item_surrounded_by_moat
D:2:      layout_basic, minmay_pentomino_w4
D:3:      corexii_shack_village, layout_basic, nicolae_figureground_pulse,
          uniq_sigmund
D:4:      kennysheep_spiral_hall, layout_loops_cross, xom_teletrap_fun,
          elyvilon_altar_5, minivault_11, nicolae_wormholes
D:5:      layout_loops_ring, okawaru_gym_becter, nzn_hepliaklqana_mist_gate,
          serial_shops, nicolae_shop_trees, hangedman_decor_clover_reticule,
          grunt_ministairs_3

Skill      XL: |  1  2  3  4  5  6 |
---------------+-------------------+-----
Unarmed Combat | 4 5 |  5.9
Fighting       | 2 3 |  3.5
Shapeshifting  | 4 5 |  5.5
Dodging        | |  2.0

Action                     |  1- 3 |  4- 6 |  7- 9 || total
---------------------------+-------+-------+-------++-------
  Melee: Unarmed           |    70 |   102 |    60 ||   232
         Constrict         |    21 |    26 |    16 ||    63
         Tentacles         |    12 |    19 |    20 ||    51
         Punch             |     2 |     2 |     1 ||     5
    Use: Scroll            |       |     9 |       ||     9
         Potion            |       |     1 |       ||     1
   Stab: Sleeping          |    11 |     6 |     2 ||    19
 Armour: Skin              |    31 |    38 |    12 ||    81
  Dodge: Dodged            |    36 |    48 |    34 ||   118

Table legend: (Time is in decaauts)
 A = Elapsed time spent in this place.
 B = Non-inter-level travel time spent in this place.
 C = Inter-level travel time spent in this place.
 D = Time resting spent in this place.
 E = Time spent auto-exploring this place.
 F = Levels seen in this place.
 G = Mean time per level.
                   A        B        C        D        E       F      G
               +--------+--------+--------+--------+--------+-----+--------+
         Total |   3806 |   3732 |     74 |      0 |   3098 |   5 |  761.2 |
       Dungeon |   3806 |   3732 |     74 |      0 |   3098 |   5 |  761.2 |
               +--------+--------+--------+--------+--------+-----+--------+

Top non-repeatable levels by time:
     D:2: 924 daAuts
     D:4: 892 daAuts
     D:3: 849 daAuts
     D:1: 762 daAuts
     D:5: 378 daAuts
